 Dungeon Crawl Stone Soup version 0.18.1-6-gd335043 (webtiles) character file.

223 GeneralIdiocy the Insei (level 5, 0/41 HPs)
             Began as a Demonspawn Monk on May 20, 2016.
             Slain by an orc wizard
             ... wielding a +0 dagger
              (2 damage)
             ... on level 3 of the Dungeon.
             The game lasted 00:06:36 (3947 turns).

GeneralIdiocy the Insei (Demonspawn Monk)           Turns: 3947, Time: 00:06:36

Health: 0/41       AC:  6    Str: 11 (12) XL:     5   Next: 66%
Magic:  5/5        EV:  9    Int:  9 (11) God:
Gold:   77         SH:  0    Dex: 13 (16) Spells: 0 memorised, 4 levels left

rFire  . . .     SeeInvis .       - Unarmed
rCold  . . .     Gourm    .     a - +0 scale mail
rNeg   . . .     Faith    .     (no shield)
rPois  .         Spirit   .     (no helmet)
rElec  .         Dismiss  .     (no cloak)
rCorr  .         Reflect  .     (no gloves)
SustAt .         Harm     .     (no boots)
MR     .....                    (no amulet)
Stlth  ++........               (no ring)
                                (no ring)

@: not resistant to hostile enchantments, unstealthy
A: claws 1, nightstalker 2
a: no special abilities


You were on level 3 of the Dungeon.
You were not hungry.

You visited 1 branch of the dungeon, and saw 4 of its levels.

You collected 77 gold pieces.

Inventory:

Armour
 a - a +0 scale mail (worn)
Scrolls
 c - 2 scrolls of identify
 e - 2 scrolls of remove curse
 h - a scroll of recharging
Books
 l - a Grand Grimoire

   Spells                             Type                      Level
   a - Monstrous Menagerie            Summoning                    7
   b - Summon Greater Demon           Summoning                    7
   c - Malign Gateway                 Summoning/Translocation      7
   d - Summon Horrible Things         Summoning                    8
Comestibles
 b - 5 bread rations
 g - 3 meat rations
 k - a beef jerky


   Skills:
 - Level 3.6 Fighting
 - Level 2.6 Dodging
 - Level 1.7 Stealth
 + Level 6.1 Unarmed Combat


You had 4 spell levels left.
You didn't know any spells.

Dungeon Overview and Level Annotations

Branches:
Dungeon (4/15)
 Temple: D:4-7

Altars:
Dithmenos


Innate Abilities, Weirdness & Mutations

You have sharp fingernails.
You are significantly more attuned to the shadows.


Message History

The magic dart hits you!
* * * LOW HITPOINT WARNING * * *
Read which item? (? for menu, Esc to quit)
As you read the scroll labeled DISMOL DYREMM, it crumbles to dust.
It is a scroll of recharging.
You aren't carrying any rechargeable items.
The orc wizard hits you but does no damage.
Read which item? (? for menu, Esc to quit)
As you read the scroll labeled POUSIU TESCH, it crumbles to dust.
It is a scroll of amnesia.
You feel forgetful for a moment.
The orc wizard hits you but does no damage.
The orc wizard hits you with a dagger.
* * * LOW HITPOINT WARNING * * *
Read which item? (? for menu, Esc to quit)
As you read the scroll labeled GEULU POTEIHO, it crumbles to dust.
It is a scroll of enchant weapon.
You aren't carrying any weapons that can be enchanted.
The orc wizard hits you with a dagger.
You die...

##### #...# #...#
#...# ######## #...#
#......#########...#
#.####.......[.....###
##.##
##########@.....#
....## #o...#.########
.....##
##![##........#
......# #..##........#
......#
###...#........####
......#
#.....#............
......#
#)....#........##..
......#
#>รท............##..
......#
#[............^....


You could see an orc wizard.

Vanquished Creatures
  An orc priest (D:3)
  An orc wizard (D:3)
  A worker ant (D:3)
  Robin (D:2)
  An adder (D:3)
  2 oozes
  A worm (D:2)
  6 dart slugs
  5 giant geckos
  10 orcs (D:3)
  6 bats
  4 giant cockroaches (D:2)
  18 goblins
  8 hobgoblins
  A quokka (D:2)
  4 ball pythons
  7 giant newts
  7 kobolds
  4 rats
88 creatures vanquished.

Notes
Turn   | Place    | Note
--------------------------------------------------------------
     0 | D:1      | GeneralIdiocy the Demonspawn Monk began the quest for the Orb.
     0 | D:1      | Reached XP level 1. HP: 18/18 MP: 1/1
   474 | D:1      | Gained mutation: You have sharp fingernails. [demonic ancestry]
   474 | D:1      | Reached XP level 2. HP: 19/24 MP: 2/2
   967 | D:1      | Reached skill level 4 in Unarmed Combat
   974 | D:1      | Gained mutation: You are slightly more attuned to the shadows. [demonic ancestry]
   974 | D:1      | Reached XP level 3. HP: 21/29 MP: 3/3
  1325 | D:2      | Noticed Robin
  1385 | D:2      | Killed Robin
  1385 | D:2      | Reached XP level 4. HP: 7/36 MP: 4/4
  1996 | D:2      | Reached skill level 5 in Unarmed Combat
  2859 | D:3      | Found a shadowy altar of Dithmenos.
  3174 | D:3      | Gained mutation: You are significantly more attuned to the shadows. [demonic ancestry]
  3174 | D:3      | Reached XP level 5. HP: 24/41 MP: 5/5
  3332 | D:3      | Gained mutation: You tend to lose your temper in combat. [potion of mutation]
  3332 | D:3      | Gained mutation: You occasionally shout uncontrollably at your foes. [potion of mutation]
  3332 | D:3      | Gained mutation: You have an increased reservoir of magic (+10% MP). [potion of mutation]
  3485 | D:3      | Lost mutation: You occasionally shout uncontrollably at your foes. [potion of cure mutation]
  3485 | D:3      | Lost mutation: You have an increased reservoir of magic (+10% MP). [potion of cure mutation]
  3485 | D:3      | Lost mutation: You tend to lose your temper in combat. [potion of cure mutation]
  3755 | D:3      | Reached skill level 6 in Unarmed Combat
  3946 | D:3      | HP: 2/41 [orc wizard/dagger (2)]
  3947 | D:3      | Slain by an orc wizard

Skill      XL: |  1  2  3  4  5 |
---------------+----------------+-----
Unarmed Combat | 4 5 6 |  6.1
Fighting       | |  3.6
Dodging        | |  2.6
Stealth        | |  1.7

Action                   |  1- 3 |  4- 6 || total
-------------------------+-------+-------++-------
Melee: Unarmed           |   132 |   192 ||   324
       Punch             |       |     4 ||     4
  Use: Potion            |       |     5 ||     5
       Scroll            |       |     4 ||     4
 Stab: Sleeping          |     7 |     9 ||    16
       Distracted        |     1 |       ||     1
  Eat: Chunk             |     1 |     9 ||    10
Armor: Robe              |    28 |     7 ||    35
       Ring mail         |       |    25 ||    25
       Scale mail        |       |    28 ||    28
Dodge: Dodged            |    78 |    92 ||   170
